 Dungeon Crawl Stone Soup version 0.29-a0-472-ge5599a681e (webtiles) character file.

Game seed: 4428440242821789456

1712 ultragoat the Chiller (level 9, -5/46 HPs)
             Began as a Gargoyle Ice Elementalist on May 17, 2022.
             Was a Believer of Vehumet.
             Slain by Psyche
             ... wielding a +4 dagger of distortion
              (22 damage)
             ... on level 8 of the Dungeon on May 23, 2022.
             The game lasted 00:57:05 (8121 turns).

ultragoat the Chiller (Gargoyle Ice Elementalist)   Turns: 8121, Time: 00:57:06

Health: -5/46      AC: 12    Str: 13    XL:     9   Next: 4%
Magic:  16/25      EV: 18    Int: 19    God:    Vehumet [**....]
Gold:   405        SH:  5    Dex: 10    Spells: 4/18 levels left

rFire   . . .      SeeInvis .   (weapon currently unavailable)
rCold   + . .      Faith    .   (shield currently unavailable)
rNeg    + + +      Spirit   .   (body armour currently unavailable)
rPois   ∞          Reflect  +   (helmet currently unavailable)
rElec   .          Harm     .   (cloak currently unavailable)
rCorr   .          Rampage  .   (gloves currently unavailable)
Will    .....                   (boots currently unavailable)
Stlth   ++........              t - amulet of Daffodils {Reflect Fly rC+ Regen+ SH+5}
HPRegen 0.95/turn               r - ring of magical power
MPRegen 0.19/turn               (no ring)

@: about to teleport, fungus-form, flying
A: melee confuse, terrified, no casting, sickness immunity, AC +6, tiny,
negative energy resistance 1, (electricity resistance), torment resistance 1,
petrification resistance
a: Renounce Religion


You were on level 8 of the Dungeon.
You worshipped Vehumet.
Vehumet was pleased with you.
You were a sentient fungus.
You visited 1 branch of the dungeon, and saw 8 of its levels.

You collected 405 gold pieces.

Inventory:

Hand Weapons
 p - the +7 trident "Haatsiqupu" (melded) {vamp, rF+}
   (You took it off an orc on level 5 of the Dungeon)

   It occasionally heals its wielder for a portion of the damage dealt when it
   wounds a living foe.
   rF:        It protects you from fire.
 w - the +10 whip "Kumezur" {vorpal, rPois rC+ Str-2 Dex+3}
   (You found it on level 7 of the Dungeon)

   It inflicts extra damage upon your enemies.
   Str:       It affects your strength (-2).
   Dex:       It affects your dexterity (+3).
   rC:        It protects you from cold.
   rPois:     It protects you from poison.
Missiles
 m - 2 throwing nets
Armour
 a - a +0 robe (melded)
 e - a scarf of shadows (melded)
 i - a +0 pair of boots (melded)
 x - a +1 pair of gloves (melded)
Jewellery
 r - a ring of magical power (left hypha)
 t - the amulet of Daffodils (around neck) {Reflect Fly rC+ Regen+ SH+5}
   (You found it on level 7 of the Dungeon)

   [amulet of reflection]

   It reflects blocked missile attacks.
   rC:        It protects you from cold.
   Fly:       It grants you flight.
   Regen:     It increases your rate of health regeneration.
   SH:        It affects your SH (+5).
Wands
 n - a wand of flame (55)
 s - a wand of charming (9)
 A - a wand of acid (10)
Scrolls
 j - 2 scrolls of magic mapping
 o - a scroll of enchant weapon
 u - a scroll of poison {unknown}
 v - a scroll of vulnerability {unknown}
 y - a scroll of identify
 z - 3 scrolls of amnesia {unknown}
Potions
 b - a potion of magic
 c - a potion of degeneration {unknown}
 d - 2 potions of invisibility
 f - a potion of mutation {unknown}
 g - a potion of heal wounds
 h - 4 potions of might
 l - 7 potions of curing
 q - a potion of brilliance {unknown}


   Skills:
 + Level 0.6 Fighting
 - Level 1.8 Short Blades
 - Level 5.3 Polearms
 - Level 1.6 Dodging
 - Level 2.4 Stealth
 * Level 1.0 Shields
 + Level 5.2 Spellcasting
 * Level 2.9 Conjurations
 - Level 7.1 Ice Magic
 - Level 2.1 Air Magic


You had 4 spell levels left.
You knew the following spells:

 Your Spells              Type           Power      Damage    Failure   Level
a - Freeze                Ice            100%       1d11      1%          1
b - Frozen Ramparts       Ice            64%        1d8       1%          3
c - Ozocubu's Armour      Ice            32%        N/A       1%          3
d - Static Discharge      Conj/Air       14%        N/A       6%          2
e - Irradiate             Conj/Tmut      5%         3d15      88%         5

Your spell library contained the following spells:

 Spells                   Type           Power      Damage    Failure   Level
 Sandblast                Erth           8%         2d5       12%         1
 Animate Skeleton         Necr           8%         N/A       12%         1
 Pain                     Necr           16%        1d4       12%         1
 Hailstorm                Conj/Ice       24%        3d7       16%         4
 Call Canine Familiar     Summ           4%         N/A       36%         3
 Gell's Gravitas          Tloc           4%         N/A       36%         3
 Portal Projectile        Hex/Tloc       8%         N/A       36%         3
 Teleport Other           Tloc           4%         N/A       36%         3
 Vampiric Draining        Necr           4%         2d6       36%         3
 Leda's Liquefaction      Hex/Erth       2%         N/A       77%         4
 Petrify                  Tmut/Erth      4%         N/A       77%         4
 Lightning Bolt           Conj/Air       7%         1d19      75%         5
 Dispersal                Tloc           2%         N/A       100%        6
 Maxwell's Capacitive Co  Air            6%         ∞         100%        8
 Sublimation of Blood     Necr           Unusable   N/A       N/A         2

Dungeon Overview and Level Annotations

Branches:
Dungeon (8/15)             Temple (0/1) D:7
   Lair: D:8-11

Altars:
Makhleb
Vehumet

Annotations:
D:2 Terence
D:8 Psyche


Innate Abilities, Weirdness & Mutations

You are a sentient fungus.
You are tiny and evasive.
Your melee attack releases spores that confuse breathing creatures.
You become terrified and freeze when enemies are visible.
Your armour is entirely melded.
You are incapable of wielding weapons or throwing items.
You cannot cast spells.
You are immune to sickness and miasma.
((Your stone body is resilient. (AC +6)))
You are immune to poison.
You resist negative energy. (rN+)
((You are resistant to electric shocks. (rElec)))
You are resistant to unholy torment.
You are immune to petrification.


Message History

Space warps around you.
The wall freezes something.
Something hits you!
You blink.
Your icy armour cracks and falls away as you move.
The frozen ramparts melt away as you move.
Aiming: Corrosive Bolt
Press: ? - help, Shift-Dir - straight line, f - you That beam is likely to hit you.
Continue anyway?
Okay, then.
There is a strange disturbance nearby!
There is a strange disturbance nearby!
Unknown command.
Okay, then.
There is a strange disturbance nearby!
Unknown command.
There is a strange disturbance nearby!
Aiming: Corrosive Bolt
Press: ? - help, Shift-Dir - straight line, f - you You hear some strange, mumbled words.
You turn into a sentient fungus.
The +7 trident "Haatsiqupu" {vamp, rF+} melds into your body.
Your scarf of shadows melds into your body.
Your +1 pair of gloves melds into your body.
Your +0 pair of boots melds into your body.
Your +0 robe melds into your body.
You feel the dreadful sensation subside.
The dungeon's light returns to normal.
Aiming: Corrosive Bolt
Press: ? - help, Shift-Dir - straight line, f - you Something hits you but does no damage.
Space warps horribly around you!!
Your magical contamination has completely faded away.
You hear some strange, mumbled words.
A swirling arc of seething chaos appears!
An arc of chaos appears from out of thin air!
The arc of chaos hits you but does no damage.
Okay, then.
Okay, then.
As you read the scroll of teleportation, it crumbles to dust.
You feel strangely unstable. Something hits you but does no damage.
Space warps horribly around you!!
You die...

#.# #.# #.# #.#
####'#########
#............#
#............#
#............#
+..f.........# #.#
#............# #.#
#............# #.#
#............#
#.########............#
#.......)))...........#
#....................
#....................
#.###################


There were no monsters in sight!

Vanquished Creatures
  An ogre (D:7)
  A kobold brigand (D:6)
  A bullfrog (D:8)
  2 necrophages
  2 scorpions
  A wight (D:4)
  14 killer bees (D:7)
  2 hounds
  2 jellies
  2 orc priests
  7 iguanas
  2 orc wizards
  3 gnolls (D:6)
  5 adders
  A white imp (D:6)
  2 ufetubi
  2 worms
  5 dart slugs
  18 orcs
  5 ball pythons
  3 endoplasms
  A giant cockroach (D:4)
  5 goblins
  4 hobgoblins
  2 jackals (D:3)
  6 kobolds
  3 quokkas
  7 bats
  5 frilled lizards
  5 rats
119 creatures vanquished.

Notes
Turn   | Place    | Note
-------+----------+-------------------------------------------
     0 | D:1      | ultragoat the Gargoyle Ice Elementalist began the quest for
                  | the Orb.
     0 | D:1      | Reached XP level 1. HP: 10/10 MP: 3/3
   589 | D:1      | Reached XP level 2. HP: 15/15 MP: 3/5
  1337 | D:2      | Reached XP level 3. HP: 14/19 MP: 0/6
  1472 | D:2      | Learned a level 3 spell: Frozen Ramparts
  1666 | D:2      | Found a radiant altar of Vehumet.
  1674 | D:2      | Became a worshipper of Vehumet
  1733 | D:2      | Noticed Terence
  2642 | D:3      | Found a faded altar of an unknown god.
  2655 | D:3      | Reached XP level 4. HP: 24/24 MP: 5/7
  2710 | D:3      | Reached * piety under Vehumet
  2710 | D:3      | Offered knowledge of Foxfire by Vehumet.
  2716 | D:3      | Learned a level 3 spell: Ozocubu's Armour
  3198 | D:4      | Noticed a necrophage
  3237 | D:4      | Reached skill level 5 in Ice Magic
  3275 | D:4      | Reached skill level 1 in Short Blades
  3387 | D:4      | Reached XP level 5. HP: 27/28 MP: 1/9
  3475 | D:4      | Upgraded the game from 0.29-a0-416-g83a48905f1 to
                  | 0.29-a0-451-gfbfa42419e
  3787 | D:4      | Reached XP level 6. HP: 32/32 MP: 11/11
  4216 | D:4      | Reached skill level 6 in Ice Magic
  4265 | D:4      | Upgraded the game from 0.29-a0-451-gfbfa42419e to
                  | 0.29-a0-472-ge5599a681e
  4632 | D:5      | Entered Level 5 of the Dungeon
  4802 | D:5      | Found a burning altar of Makhleb.
  4803 | D:5      | Noticed a blizzard demon
  4807 | D:5      | Noticed a smoke demon
  4807 | D:5      | Noticed a hellwing
  5099 | D:5      | Reached XP level 7. HP: 37/37 MP: 7/13
  5113 | D:5      | Identified the +7 trident "Haatsiqupu" {vamp, rF+}
  6150 | D:6      | Reached skill level 1 in Polearms
  6182 | D:6      | Reached skill level 7 in Ice Magic
  6627 | D:6      | Learned a level 2 spell: Static Discharge
  7106 | D:7      | Found a radiant altar of Vehumet.
  7251 | D:7      | Identified the +10 whip "Kumezur" {vorpal, rPois rC+ Str-2
                  | Dex+3}
  7457 | D:7      | Reached skill level 1 in Conjurations
  7457 | D:7      | Reached XP level 8. HP: 42/42 MP: 14/14
  7463 | D:7      | Identified the amulet of Daffodils {Reflect Fly rC+ Regen+
                  | SH+5}
  7501 | D:7      | Offered knowledge of Sandblast by Vehumet.
  7509 | D:7      | Reached skill level 1 in Air Magic
  7634 | D:7      | Reached ** piety under Vehumet
  7738 | D:7      | Found a staircase to the Ecumenical Temple.
  7853 | D:7      | Learned a level 5 spell: Irradiate
  7861 | D:7      | Reached skill level 5 in Polearms
  7862 | D:7      | Reached skill level 5 in Spellcasting
  8076 | D:8      | Reached XP level 9. HP: 37/46 MP: 16/16
  8077 | D:8      | Reached skill level 1 in Shields
  8110 | D:8      | Noticed Psyche
  8121 | D:8      | Slain by Psyche

Illustrated notes

Levels and vault maps discovered:
D:1:      evilmike_arrival_plus, layout_basic, minmay_misc_feat_cross,
          minmay_misc_feat_square, chequers_serial_rivers_large_b
D:2:      layout_basic, basic_altar, uniq_terence
D:3:      layout_loops_ring, hellmonk_ecumenical_altar_lost_god,
          minmay_misc_feat_tiny
D:4:      layout_loops_ring, nrook_campfire
D:5:      layout_gridville, makhleb_altar_promises_db, serial_glass,
          glass_columns_b, glass_columns_c, due_unseen_surprise,
          item_on_display_a, minivault_11
D:6:      layout_loops_corners, abandoned_shop, chequers_serial_rivers_micro_a
D:7:      layout_cave_pods, mainiacjoe_overflow_small_starburst,
          lemuel_temple_firewalk_b, eino_jars
D:8:      layout_basic, mainiacjoe_overflow_concentric_impassable, minivault_5,
          uniq_psyche

Skill      XL: |  1  2  3  4  5  6  7  8  9 |
---------------+----------------------------+-----
Ice Magic      | 5 6 7 |  7.1
Short Blades   | 1 |  1.8
Spellcasting   | 3 4 5 |  5.2
Polearms       | 3 5 |  5.3
Conjurations   | 1 2 |  2.9
Air Magic      | 2 |  2.1
Shields        | 1 |  1.0
Fighting       | |  0.6
Dodging        | |  1.6
Stealth        | |  2.4

Action                   |  1- 3 |  4- 6 |  7- 9 || total
-------------------------+-------+-------+-------++-------
Melee: Unarmed           |    12 |       |       ||    12
       Short sword       |    31 |    60 |       ||    91
       Punch             |       |     1 |     1 ||     2
       Trident           |       |       |    96 ||    96
 Cast: Freeze            |    46 |    33 |     6 ||    85
       Frozen Ramparts   |       |    11 |    14 ||    25
       Ozocubu's Armour  |       |     7 |     7 ||    14
       Static Discharge  |       |       |     2 ||     2
Evoke: Wand              |       |       |     3 ||     3
  Use: Scroll            |       |     2 |     8 ||    10
       Potion            |       |     1 |       ||     1
 Stab: Sleeping          |     1 |       |       ||     1
Armor: Robe              |    49 |    28 |    56 ||   133
       Skin              |       |       |     3 ||     3
Dodge: Dodged            |    60 |    54 |   107 ||   221
Block: Other             |       |       |    26 ||    26

Table legend: (Time is in decaauts)
 A = Elapsed time spent in this place.
 B = Non-inter-level travel time spent in this place.
 C = Inter-level travel time spent in this place.
 D = Time resting spent in this place.
 E = Time spent auto-exploring this place.
 F = Levels seen in this place.
 G = Mean time per level.
                   A        B        C        D        E       F      G
               +--------+--------+--------+--------+--------+-----+--------+
         Total |   8182 |   8014 |    168 |   1305 |   3001 |   8 | 1022.8 |
       Dungeon |   8182 |   8014 |    168 |   1305 |   3001 |   8 | 1022.8 |
               +--------+--------+--------+--------+--------+-----+--------+

Top non-repeatable levels by time:
     D:1: 1427 daAuts
     D:4: 1419 daAuts
     D:5: 1181 daAuts
     D:6: 1176 daAuts
     D:7: 1073 daAuts
     D:2: 944 daAuts
     D:3: 874 daAuts
     D:8: 85 daAuts
